 Dungeon Crawl Stone Soup version 0.27.1-34-g3ba077fa99 (webtiles) character file.

Game seed: 15836797268277357759

3332 zeram the Summoner (level 9, -10/85 HPs)
             Began as a Troll Fighter on Jan 9, 2022.
             Was an Initiate of Gozag.
             Mangled by Grum (20 damage)
             ... on level 8 of the Dungeon.
             The game lasted 00:12:54 (6362 turns).

zeram the Summoner (Troll Fighter)                  Turns: 6362, Time: 00:12:55

Health: -10/85     AC:  6    Str: 26    XL:     9   Next: 71%
Magic:  8/8        EV: 11    Int:  7    God:    Gozag
Gold:   1063       SH:  0    Dex:  9    Spells: 6/8 levels left

rFire    . . .     SeeInvis .   o - +1 giant spiked club
rCold    . . .     Faith    .   (shield currently unavailable)
rNeg     . . .     Spirit   .   b - +2 robe
rPois    .         Reflect  .   (helmet restricted)
rElec    .         Harm     .   l - scarf {repulsion}
rCorr    .         Rampage  .   (gloves unavailable)
Will     .....                  (boots unavailable)
Stlth    +.........             (no amulet)
HPRegen  1.24/turn              (no ring)
MPRegen  0.11/turn              (no ring)

@: repel missiles
A: large, unfitting armour, claws 3, regeneration 1, shaggy fur 1, tough skin 1
a: Renounce Religion, Potion Petition, Call Merchant, Bribe Branch


You were on level 8 of the Dungeon.
You worshipped Gozag.
Gozag was most pleased with you.
You visited 1 branch of the dungeon, and saw 8 of its levels.

You collected 1094 gold pieces.
You paid 31 gold pieces to Gozag.

Inventory:

Hand Weapons
 a - a +0 flail
 n - a +0 giant club
 o - a +1 giant spiked club (weapon)
Missiles
 i - 12 poisoned darts (quivered)
Armour
 b - a +2 robe (worn)
 c - a +0 kite shield
 l - a scarf of repulsion (worn)
 w - a +0 cloak
Wands
 m - a wand of acid (10)
 p - a wand of charming (7)
 t - a wand of flame (12)
Scrolls
 k - 2 scrolls of blinking
 q - 3 scrolls of teleportation
 s - a scroll of fear
 v - 2 scrolls of amnesia
Potions
 d - 2 potions of might
 e - 4 potions of flight
 f - a potion of degeneration
 g - a potion of invisibility
 h - 2 potions of curing
 j - a potion of attraction


   Skills:
 - Level 4.3 Fighting
 - Level 6.1 Maces & Flails
 - Level 5.1 Dodging
 - Level 2.4 Shields
 + Level 10.6 Summonings


You had 6 spell levels left.
You knew the following spells:

 Your Spells              Type           Power      Damage    Failure   Level
a - Blink                 Tloc           N/A        N/A       56%         2

Your spell library contained the following spells:

 Spells                   Type           Power      Damage    Failure   Level
 Summon Guardian Golem    Hex/Summ       7%         N/A       16%         3
 Ensorcelled Hibernation  Hex/Ice        0%         N/A       56%         2
 Sublimation of Blood     Necr           0%         N/A       56%         2
 Wereblood                Tmut           0%         N/A       56%         2
 Shadow Creatures         Summ           N/A        N/A       67%         6
 Spider Form              Tmut/Pois      0%         N/A       80%         3
 Manifold Assault         Tloc           0%         N/A       100%        5
 Conjure Ball Lightning   Conj/Air       0%         3x3d6     100%        6
 Summon Hydra             Summ           7%         N/A       99%         7
 Orb of Destruction       Conj           0%         N/A       100%        7
 Spellforged Servitor     Conj/Summ      3%         N/A       100%        7
 Storm Form               Tmut/Air       0%         N/A       100%        7
 Discord                  Hex            0%         N/A       100%        8
 Disjunction              Tloc           0%         N/A       100%        8


Dungeon Overview and Level Annotations

Branches:
Dungeon (8/15)             Temple (0/1) D:6
   Lair: D:8-11

Altars:
Gozag

Annotations:
D:4 Prince Ribbit
D:8 Grum


Innate Abilities, Weirdness & Mutations

You are too large for most types of armour.
You have claws for hands.
Your natural rate of healing is unusually fast.
You are covered in fur. (AC +1)
You have tough skin. (AC +1)


Message History

Found an escape hatch in the floor.
Grum the Hunter comes into view.
He is wielding a -1 glaive.
Grum growls angrily.
A wolf comes into view.
There are monsters nearby!
There are monsters nearby!
There are monsters nearby! 2 wolves come into view.
The wolf howls! x2
Found 9 arrows.
The wolf closely misses you.
A centaur comes into view.
The wolf closely misses you.
Grum hits you from afar with a -1 glaive!
The wolf bites you. The wolf bites you.
The centaur shouts!
The wolf closely misses you.
You miss the wolf. The wolf barely misses you. The wolf bites you!
The wolf bites you.
You barely miss the wolf. The wolf closely misses you.
The wolf barely misses you.
Grum stares intently and barks.
Grum closely misses you.
You miss the wolf. The wolf bites you! The wolf barely misses you.
Grum hits you from afar with a -1 glaive!
The wolf bites you!
Grum hits you from afar with a -1 glaive!
* * * LOW HITPOINT WARNING * * *
You closely miss the wolf. The wolf bites you.
* * * LOW HITPOINT WARNING * * *
The wolf bites you.
* * * LOW HITPOINT WARNING * * *
Grum misses you.
You barely miss the wolf. The wolf bites you.
* * * LOW HITPOINT WARNING * * *
The wolf barely misses you. Grum barely misses you.
The wolf closely misses you.
Grum hits you from afar with a -1 glaive!!
You die...
Your body crumbles into a pile of gold.

###.. ##.....
....... .......
..≈.... ......(
#########c......
#....@hghh......
#.############+#
#.# #.# #.# #.#
#.# #.# #.#


You could see Grum, 3 wolves and a centaur.

Vanquished Creatures
  Joseph (D:7)
  A gargoyle (D:6)
  Sigmund (D:6)
  A steam dragon (D:6)
  Duvessa (D:5)
  3 ice beasts
  A sky beast (D:5)
  A black bear (D:5)
  A centaur (D:6)
  4 ogres
  A phantom (D:6)
  2 bullfrogs
  Dowan (D:3)
  A water moccasin skeleton (D:5)
  A bullfrog zombie (D:6)
  5 centaur zombies
  3 hounds (D:5)
  A jelly (D:7)
  3 orc priests
  3 bullfrog skeletons
  4 centaur skeletons
  Crazy Yiuf (D:7)
  6 iguanas
  2 orc wizards
  2 killer bee zombies (D:6)
  A hound zombie (D:5)
  A hound skeleton (D:2)
  2 howler monkey skeletons (D:6)
  9 adders
  4 gnolls
  2 white imps
  An adder skeleton (D:4)
  3 worms
  A dart slug (D:4)
  18 orcs
  8 endoplasms
  3 giant cockroaches
  4 hobgoblins
  2 jackals (D:4)
  9 kobolds
  4 quokkas
  7 ball pythons
  4 bats
  3 frilled lizards
  11 goblins
  8 rats
156 creatures vanquished.

Vanquished Creatures (others)
  A withered plant (D:6)
1 creature vanquished.

Grand Total: 157 creatures vanquished

Notes
Turn   | Place    | Note
-------+----------+-------------------------------------------
     0 | D:1      | zeram the Troll Fighter began the quest for the Orb.
     0 | D:1      | Reached XP level 1. HP: 22/22 MP: 0/0
   253 | D:1      | Reached XP level 2. HP: 29/29 MP: 1/1
   930 | D:1      | Identified a scroll of acquirement
   930 | D:1      | Acquired a manual of Summonings
   956 | D:2      | Found a faded altar of an unknown god.
  1056 | D:2      | Reached XP level 3. HP: 36/36 MP: 2/2
  1301 | D:2      | Reached XP level 4. HP: 36/44 MP: 3/3
  1801 | D:3      | Found an opulent altar of Gozag.
  1836 | D:3      | Became a worshipper of Gozag Ym Sagoz the Greedy
  2019 | D:3      | Reached XP level 5. HP: 50/53 MP: 4/4
  3096 | D:4      | Reached XP level 6. HP: 61/61 MP: 5/5
  3812 | D:5      | Entered Level 5 of the Dungeon
  3850 | D:5      | Noticed Dowan
  3852 | D:5      | Noticed Duvessa
  3865 | D:5      | Killed Duvessa
  3866 | D:5      | Reached skill level 5 in Maces & Flails
  3878 | D:5      | Noticed Prince Ribbit
  3928 | D:4      | HP: 1/55 [Dowan/shard of ice (11)]
  3948 | D:3      | Killed Dowan
  3949 | D:3      | Reached XP level 7. HP: 28/59 MP: 6/6
  4383 | D:5      | Reached skill level 5 in Dodging
  4450 | D:5      | Reached XP level 8. HP: 44/78 MP: 7/7
  4534 | D:5      | Learned a level 2 spell: Blink
  4595 | D:5      | Reached skill level 1 in Summonings
  4606 | D:5      | Reached skill level 2 in Summonings
  4737 | D:6      | Reached skill level 3 in Summonings
  4778 | D:6      | Reached skill level 4 in Summonings
  4941 | D:6      | Reached skill level 5 in Summonings
  4972 | D:6      | Reached skill level 6 in Summonings
  5101 | D:6      | Reached skill level 7 in Summonings
  5115 | D:6      | Noticed a gargoyle
  5122 | D:6      | Killed a gargoyle
  5123 | D:6      | Reached skill level 8 in Summonings
  5123 | D:6      | Reached XP level 9. HP: 44/85 MP: 8/8
  5231 | D:6      | Found a staircase to the Ecumenical Temple.
  5239 | D:6      | Noticed Sigmund
  5252 | D:6      | Killed Sigmund
  5315 | D:6      | Reached skill level 9 in Summonings
  5469 | D:7      | Noticed Joseph
  5479 | D:7      | Killed Joseph
  5480 | D:7      | Reached skill level 10 in Summonings
  5908 | D:7      | Found a runed translucent door.
  5909 | D:7      | Noticed Crazy Yiuf
  6193 | D:7      | Killed Crazy Yiuf
  6351 | D:8      | Noticed Grum
  6362 | D:8      | Mangled by Grum

Illustrated notes

Levels and vault maps discovered:
D:1:      amcnicky_arrival_choice, layout_basic, minmay_misc_feat_iff,
          due_unseen_surprise
D:2:      layout_loops_ring, ebering_ecumenical_altar_hall, hex_tiny
D:3:      layout_loops_ring, grunt_gozag_statues, minmay_ruptured
D:4:      layout_basic, serial_co_window_serial, co_window_paths_a,
          co_window_paths_b, co_window_paths_b, co_window_paths_b,
          co_window_paths_a, co_window_paths_a, co_window_corner_a,
          co_window_broadway_a, co_window_corner_b, co_window_broadway_b,
          co_window_corner_cb, glass_columns_a, glass_columns_a
D:5:      minmay_razor_zed, layout_rooms, uniq_prince_ribbit1, uniq_duvessa
D:6:      layout_gridville, minmay_temple_entry_hall, serial_undead,
          serial_undead_c, serial_undead_f, serial_undead_c, serial_undead_a,
          uniq_sigmund
D:7:      layout_layer_cave, minivault_24, uniq_joseph, uniq_crazy_yiuf_cottage
D:8:      layout_basic, serial_shops, nicolae_shop_overgrown_old_shop,
          kennysheep_cross_bottleneck, grunt_ministairs_6, uniq_grum

Skill      XL: |  1  2  3  4  5  6  7  8  9 |
---------------+----------------------------+-----
Maces & Flails | 2 3 4 5 6 |  6.1
Dodging        | 3 4 5 |  5.1
Fighting       | 3 4 |  4.3
Summonings     | 8 10 | 10.6
Shields        | |  2.4

Action                   |  1- 3 |  4- 6 |  7- 9 || total
-------------------------+-------+-------+-------++-------
Melee: Flail             |   133 |   256 |    75 ||   464
       Giant club        |       |       |     9 ||     9
       Giant spiked club |       |       |   224 ||   224
  Use: Scroll            |     2 |     9 |     7 ||    18
       Potion            |       |     3 |     4 ||     7
 Stab: Sleeping          |     1 |     1 |       ||     2
       Distracted        |       |     1 |     2 ||     3
       Invisible         |       |       |     1 ||     1
Armor: Robe              |    48 |   116 |   194 ||   358
Dodge: Dodged            |    66 |   115 |   232 ||   413
       Repelled          |       |     2 |     3 ||     5
Block: Kite shield       |    74 |   159 |    35 ||   268
